 Dungeon Crawl Stone Soup version 0.21-a0-396-ga924934 (webtiles) character file.

361 grizmgrazm2 the Cudgeler (level 6, -7/46 HPs)
             Began as a Vampire Skald on Oct 19, 2017.
             Killed by divine providence
             ... invoked by an orc priest
              (12 damage)
             ... on level 3 of the Dungeon.
             The game lasted 00:10:26 (3893 turns).

grizmgrazm2 the Cudgeler (Vampire Skald)            Turns: 3893, Time: 00:10:29

Health: -7/46      AC:  9    Str: 12    XL:     6   Next: 38%
Magic:  0/10       EV: 11    Int: 16    God:
Gold:   41         SH:  0    Dex: 13    Spells: 5/10 levels left

rFire    . . .     SeeInvis +   a - +0 mace
rCold    + + .     Gourm    .   (no shield)
rNeg     + + +     Faith    .   n - +2 ring mail {rPois}
rPois    ∞         Spirit   .   (no helmet)
rElec    .         Reflect  .   (no cloak)
rCorr    .         Harm     .   (no gloves)
MR       .....                  h - +1 pair of boots
Stlth    ++++......             (no amulet)
HPRegen  0.00/turn              (no ring)
MPRegen  0.12/turn              (no ring)

@: infused, singing, bloodless, non-regenerating
A: fangs 3, see invisible, unbreathing
a: Bat Form


You were on level 3 of the Dungeon.
You were bloodless.

You visited 1 branch of the dungeon, and saw 3 of its levels.

You collected 41 gold pieces.

Inventory:

Hand Weapons
 a - a +0 mace (weapon)
Armour
 b - a +0 leather armour
 h - a +1 pair of boots (worn)
 n - a +2 ring mail of poison resistance (worn)
Scrolls
 f - a scroll of amnesia {unknown}
 i - a scroll of magic mapping {unknown}
 k - a scroll of identify
 m - a scroll of enchant weapon {unknown}
Potions
 e - a potion of flight
 j - a potion of haste {unknown}
 l - a potion of blood
Books
 c - a book of Battle

   Spells                             Type                      Level
   a - Infusion                       Charms                       1
   b - Shroud of Golubria             Charms/Translocation         2
   c - Song of Slaying                Charms                       2
   d - Spectral Weapon                Hexes/Charms                 3
   e - Regeneration                   Charms/Necromancy            3
 d - Jessica's Handbook of Dislocation
   (You found it on level 2 of the Dungeon)

   Spells                             Type                      Level
   a - Shroud of Golubria             Charms/Translocation         2


   Skills:
 + Level 2.8 Fighting
 + Level 3.8 Maces & Flails
 + Level 1.5 Armour
 + Level 2.8 Dodging
 + Level 3.0 Stealth
 + Level 2.7 Spellcasting
 + Level 3.8 Charms
 + Level 0.1 Translocations


You had 5 spell levels left.
You knew the following spells:

 Your Spells              Type           Power        Failure   Level  Hunger
a - Infusion              Chrm           ##..         9%          1    #......
b - Shroud of Golubria    Chrm/Tloc      #.........   28%         2    ##.....
c - Song of Slaying       Chrm           ##......     13%         2    ##.....


Dungeon Overview and Level Annotations

Branches:
Dungeon (3/15)

Altars:


Innate Abilities, Weirdness & Mutations

You do not heal naturally.
You are immune to poison.
You have razor-sharp teeth.
You have supernaturally acute eyesight. (SInv)
You can survive without breathing.


Message History

The orc priest invokes the aid of Beogh against you.
Beogh smites you!
* * * LOW HITPOINT WARNING * * *
You hit the orc priest but do no damage.
The orc priest hits you but does no damage.
The kobold drinks a potion.
The kobold suddenly seems more agile.
You hit the orc priest.
The orc priest is moderately wounded.
The orc priest closely misses you.
You closely miss the orc priest.
The orc priest is moderately wounded.
The orc priest miscasts a cantrip.
The orc priest barely misses you.
You hit the orc priest.
The orc priest is moderately wounded.
The orc priest looks satisfied for a moment.
The orc priest closely misses you.
The orc priest invokes the aid of Beogh against you.
Beogh smites you!
You die...

#...#...)[#'## ### #.........##
.. #.....)....# #.##
#..........# ..# #..........#
#########.## #..........#
...........# #.........##
.........#.#########.#...######
.......).....Koo@...(........>#
.........##.#######..#....###.#
.........##.# ##..#.##.# .#
.........##.# #...#.##.###.#
###########.# #..##.##.....###
#.. #.......(......# ...
##.#...........# .K.
##.#...........# ...#
#..............#


You could see 2 orc priests and a kobold.

Vanquished Creatures
  Grinder (D:3)
  An orc wizard (D:3)
  Jessica (D:2)
  3 gnolls (D:2)
  An adder (D:2)
  A worm (D:2)
  5 dart slugs
  8 orcs (D:3)
  2 ball pythons
  6 bats
  A giant cockroach (D:1)
  5 goblins
  8 hobgoblins
  4 kobolds
  2 quokkas (D:2)
  4 frilled lizards
  2 rats
55 creatures vanquished.

Notes
Turn   | Place    | Note
-------+----------+-------------------------------------------
     0 | D:1      | grizmgrazm2 the Vampire Skald began the quest for the Orb.
     0 | D:1      | Reached XP level 1. HP: 16/16 MP: 3/3
     8 | D:1      | Noticed a hound
     8 | D:1      | Noticed a black bear
     8 | D:1      | Noticed a lindwurm
     8 | D:1      | Noticed an iguana
   359 | D:1      | Reached XP level 2. HP: 18/22 MP: 0/5
   516 | D:1      | Reached skill level 1 in Armour
  1004 | D:2      | Reached XP level 3. HP: 20/27 MP: 1/6
  1638 | D:2      | Learned a level 2 spell: Shroud of Golubria
  1641 | D:2      | Learned a level 2 spell: Song of Slaying
  1695 | D:2      | Reached XP level 4. HP: 31/34 MP: 3/7
  2199 | D:2      | Noticed Jessica
  2456 | D:2      | Killed Jessica
  2460 | D:2      | Identified Jessica's Handbook of Dislocation
  2839 | D:3      | Reached XP level 5. HP: 18/39 MP: 2/8
  3375 | D:3      | Noticed Grinder
  3392 | D:3      | Paralysed by Grinder for 7 turns
  3408 | D:3      | Paralysed by Grinder for 4 turns
  3420 | D:3      | Killed Grinder
  3420 | D:3      | Reached XP level 6. HP: 27/46 MP: 5/9
  3893 | D:3      | Killed from afar by an orc priest

Vault maps used:
D:1:      onia_arrival_zoo_common
D:2:      kennysheep_jessica_study
D:3:      marbit_many_paths, uniq_grinder

Skill      XL: |  1  2  3  4  5 |
---------------+----------------+-----
Fighting       | 2 |  2.8
Maces & Flails | 2 3 |  3.8
Armour         | 1 |  1.5
Stealth        | 2 3 |  3.0
Dodging        | |  2.8
Spellcasting   | |  2.7
Charms         | |  3.8
Translocations | |  0.1

Action                   |  1- 3 |  4- 6 || total
-------------------------+-------+-------++-------
Melee: Mace              |    87 |    91 ||   178
       Bite              |     5 |     8 ||    13
 Cast: Infusion          |    13 |    15 ||    28
       Shroud of Golubri |       |     5 ||     5
       Song of Slaying   |       |     3 ||     3
  Use: Scroll            |     7 |       ||     7
       Potion            |       |     3 ||     3
 Stab: Sleeping          |     1 |     1 ||     2
  Eat: Corpse            |     1 |     2 ||     3
Armor: Leather armour    |    15 |       ||    15
       Ring mail         |    21 |    54 ||    75
Dodge: Dodged            |    49 |    69 ||   118

Table legend:
 A = Spawn XP
 B = Non-spawn XP
 C = Spawn XP percentage of total XP
 D = Spawn monster count
 E = Non-spawn monster count
 F = Spawn count percentage of total count
 G = Total turns spent on level
                    A         B        C        D         E        F      G
               +---------+---------+-------+---------+---------+-------+---------
         Total |       0 |     517 |   0.0 |       0 |      55 |   0.0 |  3893
               +---------+---------+-------+---------+---------+-------+---------
           D:1 |       0 |      31 |   0.0 |       0 |      15 |   0.0 |   927
           D:2 |       0 |     143 |   0.0 |       0 |      29 |   0.0 |  1867
           D:3 |       0 |     343 |   0.0 |       0 |      11 |   0.0 |  1099
               +---------+---------+-------+---------+---------+-------+---------
